 Dungeon Crawl Stone Soup version 0.26-a0-964-g69f9a3b9e2 (webtiles) character file.

Game seed: 9988285438524987168

74 pablito the Insei (level 4, -1/28 HPs)
             Began as an Octopode Transmuter on Dec 2, 2020.
             Slain by an orc
             ... wielding a +0 club
              (6 damage)
             ... on level 3 of the Dungeon.
             The game lasted 00:07:49 (2701 turns).

pablito the Insei (Octopode Transmuter)             Turns: 2701, Time: 00:07:49

Health: -1/28      AC:  1    Str:  9    XL:     4   Next: 30%
Magic:  6/7        EV: 13    Int: 15    God:
Gold:   102        SH:  4    Dex: 13    Spells: 7/8 levels left

rFire    . . .     SeeInvis .     - Unarmed
rCold    . . .     Faith    .   b - +0 buckler
rNeg     . . .     Spirit   .   (helmet currently unavailable)
rPois    .         Reflect  .   (no amulet)
rElec    .         Harm     .   (no ring)
rCorr    .         Rampage  .   (no ring)
MR       .....                  (no ring)
Stlth    +++.......             (no ring)
HPRegen  0.09/turn              (no ring)
MPRegen  0.10/turn              (no ring)
                                (no ring)
                                (no ring)

@: appendages
A: almost no armour, stealthy swim, amphibious, 8 rings, constrict 8, tentacle
spike 3, camouflage 1, gelatinous body 1
a: End Transformation


You were on level 3 of the Dungeon.
One of your tentacles had a temporary spike.
You visited 1 branch of the dungeon, and saw 3 of its levels.

You collected 102 gold pieces.

Inventory:

Armour
 b - a +0 buckler (worn)
Scrolls
 c - a scroll of magic mapping {unknown}
 d - a scroll of teleportation {unknown}
 e - a scroll of immolation {unknown}
 g - a scroll of fear {unknown}
 h - a scroll of fog {unknown}
 i - a scroll of identify {unknown}
Potions
 a - 2 potions of mutation {unknown}
 f - a potion of haste {unknown}


   Skills:
 - Level 1.0 Fighting
 - Level 2.0 Dodging
 - Level 2.0 Stealth
 + Level 1.1 Shields
 + Level 3.5 Unarmed Combat
 + Level 2.6 Spellcasting
 + Level 2.7 Transmutations


You had 7 spell levels left.
You knew the following spells:

 Your Spells              Type           Power        Failure   Level
a - Beastly Appendage     Tmut           ##....       10%         1

Your spell library contained the following spells:

 Spells                   Type           Power        Failure   Level
 Wereblood                Tmut           ##......     14%         2
 Spider Form              Tmut/Pois      #.........   45%         3
 Ice Form                 Ice/Tmut       #.......     86%         4
 Blade Hands              Tmut           ##........   95%         5


Dungeon Overview and Level Annotations

Branches:
Dungeon (3/15)

Altars:
Gozag
Kikubaaqudgha


Innate Abilities, Weirdness & Mutations

You cannot wear most types of armour.
You are very stealthy in the water. (Stealth+)
You are amphibious.
You can wear up to eight rings at the same time.
You can use your tentacles to constrict eight enemies at once.
Your skin changes colour to match your surroundings (Stealth+).
Your rubbery body absorbs attacks. (AC +1, EV +1)
One of your tentacles bears a large vicious spike.


Message History

Your tentacle spike misses the orc priest.
The orc priest is lightly wounded.
You tentacle-slap the orc priest but do no damage.
Your grab misses the orc priest.
You pierce the orc priest.
The orc priest is lightly wounded.
The orc priest misses you.
You tentacle-slap the orc priest. Your grab misses the orc priest.
Your tentacle spike misses the orc priest.
You squeeze the orc priest.
The orc priest is heavily wounded.
Your tentacle spike disappears.
You block the orc priest's attack. The orc hits you with a +0 club.
Casting: Beastly Appendage (safe; 10% risk of failure)
Confirm with . or Enter, or press ? or * to list all spells.
One of your tentacles grows a vicious spike.
The orc priest mumbles some strange prayers to Beogh against you.
Beogh smites you!
* * * LOW HITPOINT WARNING * * *
The orc hits you with a +0 club.
You die...

.......[# #.# ......#.## ###.
#.#
......#..########...##.#######..
........Ko((............).<†.(..
.$....†..(##..########.########.
....#..o.###.o# #.## ## # #....#
##l# #..## #.. #....# #o####
##..# ##..# .o#...#
##o@.<######.# #..# ...#...#
#...#......#.###.# .....#####
#...######.......# ....
#...###......##..### .o..
#.......####.###....
#.....#####.....####
#...#.†.........#
#...#######.....# ##### #.....#


You could see an orc priest, 2 orcs and a frilled lizard.

Vanquished Creatures
  2 adders
  2 worms (D:2)
  2 dart slugs (D:1)
  A leopard gecko (D:1)
  An orc (D:3)
  A ball python (D:1)
  8 bats
  A giant cockroach (D:3)
  6 goblins
  5 hobgoblins
  9 kobolds
  2 quokkas
  A frilled lizard (D:3)
  2 rats
43 creatures vanquished.

Vanquished Creatures (others)
  A fungus (D:3)
1 creature vanquished.

Grand Total: 44 creatures vanquished

Notes
Turn   | Place    | Note
-------+----------+-------------------------------------------
     0 | D:1      | pablito the Octopode Transmuter began the quest for the
                  | Orb.
     0 | D:1      | Reached XP level 1. HP: 13/13 MP: 3/3
   270 | D:1      | Reached skill level 1 in Stealth
   270 | D:1      | Reached XP level 2. HP: 17/18 MP: 3/5
   923 | D:1      | Reached XP level 3. HP: 7/23 MP: 3/6
  1995 | D:2      | Found an opulent altar of Gozag.
  2187 | D:2      | Found an ancient bone altar of Kikubaaqudgha.
  2578 | D:3      | Reached XP level 4. HP: 24/28 MP: 5/7
  2643 | D:3      | Reached skill level 1 in Shields
  2701 | D:3      | Slain by an orc

Illustrated notes

Levels and vault maps discovered:
D:1:      minmay_arrival_jagged, layout_basic
D:2:      layout_loops_cross, nicolae_gozag_cash_rules_everything_around_me,
          overflow_temple_1_default
D:3:      layout_rooms, lemuel_round_altar, uniq_crazy_yiuf_cottage

Skill      XL: |  1  2  3  4 |
---------------+-------------+-----
Stealth        | 1 2 |  2.0
Shields        | 1 |  1.1
Fighting       | |  1.0
Dodging        | |  2.0
Unarmed Combat | |  3.5
Spellcasting   | |  2.6
Transmutations | |  2.7

Action                   |  1- 3 |  4- 6 || total
-------------------------+-------+-------++-------
Melee: Unarmed           |    75 |    16 ||    91
       Tentacles         |    14 |     2 ||    16
       Constrict         |    23 |     3 ||    26
       Kick              |    13 |     4 ||    17
       Punch             |     1 |       ||     1
 Cast: Beastly Appendage |    23 |     5 ||    28
 Stab: Sleeping          |     9 |       ||     9
Armor: Skin              |     6 |       ||     6
Dodge: Dodged            |    35 |    13 ||    48
Block: Buckler           |     6 |     3 ||     9

Table legend: (Time is in decaauts)
 A = Elapsed time spent in this place.
 B = Non-inter-level travel time spent in this place.
 C = Inter-level travel time spent in this place.
 D = Time resting spent in this place.
 E = Time spent auto-exploring this place.
 F = Levels seen in this place.
 G = Mean time per level.
                   A        B        C        D        E       F      G
               +--------+--------+--------+--------+--------+-----+--------+
         Total |   2697 |   2550 |    147 |    224 |   2036 |   3 |  899.0 |
       Dungeon |   2697 |   2550 |    147 |    224 |   2036 |   3 |  899.0 |
               +--------+--------+--------+--------+--------+-----+--------+

Top non-repeatable levels by time:
     D:1: 1583 daAuts
     D:2: 979 daAuts
     D:3: 134 daAuts
